 Dungeon Crawl Stone Soup version 0.31-a0-1-g4198be8af4 (webtiles) character file.

Game seed: 12080228210615206513

110 funkygono the Covered (level 4, 0/41 HPs)
             Began as a Minotaur Fighter on May 1, 2023.
             Slain by an ogre
             ... wielding a +0 giant club
              (23 damage)
             ... on level 4 of the Dungeon.
             The game lasted 00:02:33 (1896 turns).

funkygono the Covered (Minotaur Fighter)            Turns: 1896, Time: 00:02:34

Health: 0/41       AC: 14    Str: 22    XL:     4   Next: 61%
Magic:  3/3        EV:  6    Int:  5    God:
Gold:   156        SH:  9    Dex: 10    Spells: 3/3 levels left

rFire   . . .        a - +0 war axe
rCold   . . .        c - +0 buckler
rNeg    . . .        m - +0 plate armour
rPois   .            (helmet restricted)
rElec   .            p - +1 cloak
rCorr   .            (no gloves)
SInv    .            (no boots)
Will    .....        n - amulet of reflection Stlth
                     (no ring)
HPRegen 0.26/turn    (no ring)
MPRegen 0.08/turn

%: reflection
@: no status effects
A: horns 2, retaliatory headbutt
a: no special abilities


You were on level 4 of the Dungeon.
You visited 1 branch of the dungeon, and saw 4 of its levels.

You collected 156 gold pieces.

Inventory:

Hand Weapons
 a - a +0 war axe (weapon)
Missiles
 i - 5 boomerangs (quivered)
Armour
 c - a +0 buckler (worn)
 e - a +2 scale mail of fire resistance
 m - a +0 plate armour (worn)
 p - a +1 cloak (worn)
Jewellery
 n - an amulet of reflection (around neck)
Scrolls
 g - 3 scrolls of magic mapping
 h - a scroll of fog
Potions
 b - a potion of magic {unknown}
 d - a potion of might
 j - a potion of curing {unknown}
 k - 4 potions of heal wounds
 l - a potion of attraction
 o - 2 potions of ambrosia {unknown}


   Skills:
 + Level 4.4 Fighting
 + Level 3.4 Axes
 + Level 5.0 Armour
 + Level 0.8 Dodging
 + Level 4.1 Shields


You had 3 spell levels left.
You didn't know any spells.
Your spell library contained the following spells:

 Spells                   Type           Power      Damage    Failure   Level
 Apportation              Tloc           0%         N/A       100%        1
 Necrotise                Necr           0%         1d4       100%        1
 Summon Small Mammal      Summ           0%         N/A       100%        1
 Inner Flame              Hex/Fire       0%         N/A       100%        3
 Summon Guardian Golem    Hex/Summ       0%         N/A       100%        3
 Fireball                 Conj/Fire      0%         3d3       100%        5
 Yara's Violent Unravell  Hex/Tmut       0%         3d3       100%        5
 Enfeeble                 Hex            0%         N/A       100%        7
 Orb of Destruction       Conj           0%         9d5       100%        7
 Spellforged Servitor     Conj/Summ      0%         N/A       100%        7


Dungeon Overview and Level Annotations

Branches:
Dungeon (4/15)
 Temple: D:4-7

Altars:
Elyvilon


Innate Abilities, Weirdness & Mutations

You have a pair of horns on your head.
You reflexively headbutt those who attack you in melee.


Message History

You finish putting on your amulet of reflection.
You feel a shielding aura gather around you.
n - an amulet of reflection (around neck)
You start removing your armour.
You continue taking off your +0 cloak. x4
You finish taking off your +0 cloak.
You start putting on your armour.
You continue putting on your +1 cloak. x5
You finish putting on your +1 cloak.
You drop a +0 cloak.
Okay, then.
(D) Dungeon
Where to? (Enter - D:3, ? - help)
What level of the Dungeon? (default 1, ? - help)
There is an open translucent door here.
Things that are here:
a +4 quarterstaff of chaos; the gnoll corpse of Crazy Yiuf You see here a +0 hammer.
There is an open door here.
There is a stone staircase leading down here.
Things that are here:
a +0 dagger; 3 poisoned darts You climb downwards.
There is a stone staircase leading up here.
Found a stone staircase leading down.
You now have 156 gold pieces (gained 18).
You open the door.
An ogre comes into view. It is wielding a +0 giant club.
Found a dagger.
The ogre shouts!
A ball python comes into view.
There is an open door here.
The ball python hisses angrily.
You block the ball python's attack. x2
You slash the ball python!
You kill the ball python!
The ogre hits you with a +0 giant club!!
You hit the ogre.
The ogre is lightly wounded.
The ogre hits you with a +0 giant club!!
Ouch! That really hurt!
You die...

#........
#.........#
#.........#
#.........#
#.........#
#.........+
#.........#
#######.........#
#..<...@O.......#
############.#'##
...#........
#.#.#........
#>............ #.
#.#....S... #.
#.##..O.... # #.#
......) ...#+##


You could see an ogre.

Vanquished Creatures
  Crazy Yiuf (D:3)
  3 gnolls (D:2)
  2 adders (D:2)
  A worm (D:2)
  A dart slug (D:3)
  3 ball pythons
  3 endoplasms (D:3)
  A giant cockroach (D:3)
  3 goblins
  A hobgoblin (D:3)
  2 jackals (D:2)
  2 quokkas
  A bat (D:2)
  3 frilled lizards
  4 kobolds
  4 rats
35 creatures vanquished.

Notes
Turn   | Place    | Note
-------+----------+-------------------------------------------
     0 | D:1      | funkygono the Minotaur Fighter began the quest for the Orb.
     0 | D:1      | Reached XP level 1. HP: 19/19 MP: 0/0
    53 | D:1      | Got the Opusculum on Weird Heat
   608 | D:2      | Reached XP level 2. HP: 10/27 MP: 1/1
   609 | D:2      | Reached skill level 4 in Armour
   615 | D:2      | Reached XP level 3. HP: 5/33 MP: 2/2
  1219 | D:3      | Found a faded altar of an unknown god.
  1283 | D:3      | Found a white marble altar of Elyvilon.
  1372 | D:3      | Reached XP level 4. HP: 40/40 MP: 3/3
  1744 | D:3      | Found a runed translucent door.
  1745 | D:3      | Noticed Crazy Yiuf
  1815 | D:3      | Killed Crazy Yiuf
  1816 | D:3      | Reached skill level 5 in Armour
  1878 | D:4      | Noticed an ogre
  1896 | D:4      | Slain by an ogre

Illustrated notes

Levels and vault maps discovered:
D:1:      roderic_chinese_lattice_arrival, layout_loops_cross
D:2:      layout_basic
D:3:      layout_basic, elyvilon_altar_5, nicolae_ecumenical_oubliette,
          corexii_hall_statues_l, uniq_crazy_yiuf_cottage
D:4:      cheibrodos_thug_alley, layout_basic, nicolae_ashenzari_panopticon,
          minmay_temple_entry_poolview, nicolae_underground_beach

Skill      XL: |  1  2  3  4 |
---------------+-------------+-----
Fighting       | 4 |  4.4
Shields        | 4 |  4.1
Armour         | 4 5 |  5.0
Axes           | 3 |  3.4
Dodging        | |  0.8

Action                     |  1- 3 |  4- 6 || total
---------------------------+-------+-------++-------
  Melee: War axe           |    62 |    28 ||    90
         Headbutt          |     5 |     5 ||    10
    Use: Scroll            |     7 |       ||     7
 Armour: Scale mail        |    25 |       ||    25
         Plate armour      |       |    12 ||    12
  Dodge: Dodged            |    33 |     9 ||    42
  Block: Buckler           |    18 |     6 ||    24

Table legend: (Time is in decaauts)
 A = Elapsed time spent in this place.
 B = Non-inter-level travel time spent in this place.
 C = Inter-level travel time spent in this place.
 D = Time resting spent in this place.
 E = Time spent auto-exploring this place.
 F = Levels seen in this place.
 G = Mean time per level.
                   A        B        C        D        E       F      G
               +--------+--------+--------+--------+--------+-----+--------+
         Total |   1930 |   1866 |     64 |      0 |   1434 |   4 |  482.5 |
       Dungeon |   1930 |   1866 |     64 |      0 |   1434 |   4 |  482.5 |
               +--------+--------+--------+--------+--------+-----+--------+

Top non-repeatable levels by time:
     D:2: 721 daAuts
     D:3: 601 daAuts
     D:1: 574 daAuts
     D:4: 33 daAuts
